 Dungeon Crawl Stone Soup version 0.28-a0-957-g42eb19b844 (webtiles) character file.

Game seed: 12666157657782158073

4442 night the Fighter (level 10, 0/78 HPs)
             Began as a Djinni Fire Elementalist on Nov 30, 2021.
             Was an Initiate of Gozag.
             Killed from afar by a starcursed mass (4 damage)
             ... with an accursed screaming
             ... on level 1 of the Abyss.
             The game lasted 00:21:32 (7199 turns).

night the Fighter (Djinni Fire Elementalist)        Turns: 7199, Time: 00:21:32

Health: 0/78       AC: 14    Str:  7 (9)  XL:     10   Next: 63%
Gold:   161        EV: 13    Int: 17 (18) God:    Gozag SH:  0 Dex: 17 (18)

rFire   + + +      SeeInvis .   m - +1 dagger (venom)
rCold   . . .      Faith    .   (no shield)
rNeg    . . .      Spirit   .   z - +1 steam dragon scales
rPois   ∞          Reflect  .   F - +1 hat
rElec   +          Harm     .   y - scarf {repulsion}
rCorr   +          Rampage  .   f - +1 pair of gloves
Will    +....                   (boots unavailable)
Stlth   ++........              h - amulet of Odoraila {Regen+ Dex+3}
HPRegen 1.03/turn               n - +4 ring of protection
MPRegen 0.00/turn               u - ring of wizardry

@: resistant (expiring), flying, constricted, invisible, repel missiles
A: sickness immunity, fire resistance 2, cold vulnerability 1, float, innate
caster, hp casting, extra vitality 1, [deterioration 2], [inability to read
while threatened]
a: Renounce Religion, Potion Petition, Call Merchant, Bribe Branch


You were on level 1 of the Abyss.
You worshipped Gozag.
Gozag was aware of your devotion.
You visited 2 branches of the dungeon, and saw 9 of its levels.
You visited the Abyss 1 time.

You collected 991 gold pieces.
You paid 830 gold pieces to Gozag.

Inventory:

Hand Weapons
 c - a +0 short sword
 m - a +1 dagger of venom (weapon)
 r - a +0 flail of holy wrath
 A - a +1 morningstar
 G - the +3 hunting sling of Dried Tears {freeze, rN+ MP+9 Dex+4 SInv}
   (You found it on level 5 of the Dungeon)

   Any ammunition fired from it freezes those it strikes, dealing additional
   cold damage.
   It can also slow down cold-blooded creatures.
   Dex:       It affects your dexterity (+4).
   rN:        It protects you from negative energy.
   MP:        It affects your magic capacity (+9).
   SInv:      It lets you see invisible.
Missiles
 b - 179 stones
 g - 119 arrows
 i - 3 datura-tipped darts
 j - 65 sling bullets
 k - 4 boomerangs
 l - a throwing net
 o - 96 bolts
 p - 23 poisoned darts (quivered)
 s - 6 curare-tipped darts
Armour
 f - a +1 pair of gloves (worn)
 y - a scarf of repulsion (worn)
 z - +1 steam dragon scales (worn)
 F - a +1 hat (worn)
Jewellery
 h - the amulet of Odoraila (around neck) {Regen+ Dex+3}
   (You acquired it on level 2 of the Dungeon)

   [amulet of regeneration]

   Dex:       It affects your dexterity (+3).
   Regen:     It increases your rate of health regeneration.
 n - a +4 ring of protection (left hand)
 u - a ring of wizardry (right hand)
 v - a +6 ring of dexterity
 I - an amulet of regeneration
Wands
 t - a wand of acid (14)
 J - a wand of polymorph (8)
Scrolls
 w - 2 scrolls of identify
 M - a scroll of enchant weapon
Potions
 e - a potion of curing
 q - a potion of flight
 C - 2 potions of attraction
 D - a potion of brilliance {unknown}
 E - a potion of magic {unknown}
 H - a potion of heal wounds {unknown}
 L - a potion of lignification {unknown}


   Skills:
 * Level 9.2 Fighting
 + Level 2.6 Maces & Flails
 - Level 5.2 Armour
 + Level 7.3 Dodging
 - Level 1.5 Stealth
 * Level 6.1 Spellcasting


You couldn't memorise any spells.
You knew the following spells:

 Your Spells              Type           Power      Damage    Failure   Level
a - Foxfire               Conj/Fire      100%       2x1d9     1%          1
b - Scorch                Fire           52%        2d7       1%          2
c - Conjure Flame         Conj/Fire      26%        6-21      1%          3
d - Inner Flame           Hex/Fire       26%        N/A       1%          3
e - Flame Wave            Conj/Fire      26%        2d6       4%          4
f - Summon Small Mammal   Summ           100%       N/A       1%          1
g - Searing Ray           Conj           52%        2d6       1%          2
h - Static Discharge      Conj/Air       26%        N/A       1%          2
i - Spider Form           Tmut/Pois      26%        N/A       1%          3
Your spell library was empty.

Dungeon Overview and Level Annotations

Branches:
Dungeon (8/15)             Temple (1/1) D:4
   Lair: D:8-11

Altars:
Ashenzari
Cheibriados
Dithmenos
Elyvilon
Gozag
Hepliaklqana
Kikubaaqudgha
Makhleb
Okawaru
Qazlal
Ru
Sif Muna
Trog
Uskayaw
Vehumet
Wu Jian
Xom
Yredelemnul
Zin
The Shining One

Shops:
D:7 *

Annotations:
D:8 Psyche


Innate Abilities, Weirdness & Mutations

You are immune to sickness and miasma.
You are immune to poison.
Your flesh is very heat resistant. (rF++)
You are vulnerable to cold. (rC-)
You float through the air rather than walking.
You learn spells naturally, not from books.
Your magical power is your life essence.
You have superior vitality. (+4 HP)
[Your body often deteriorates upon taking damage.]
[You sometimes lose the ability to read scrolls when taking damage.]


Message History

The starcursed mass shrieks in your mind.
* * * LOW HITPOINT WARNING * * *
The ufetubus hits you but does no damage. x2
A tentacle flies out from the starspawn's body!
A starspawn tentacle comes into view.
It was a potion of invisibility.
You fade into invisibility!
You start to feel less resistant.
The ufetubus closely misses you. The ufetubus barely misses you.
The starspawn tentacle grabs you. The starspawn tentacle constricts you.
The starspawn tentacle loses its grip on you.
The tentacle pulls you backwards!
A wretched star comes into view.
The starspawn tentacle barely misses you.
The ufetubus completely misses you. The ufetubus barely misses you.
The starspawn tentacle misses you. The ufetubus misses you.
The ufetubus closely misses you.
The starcursed mass shrieks in your mind.
* * * LOW HITPOINT WARNING * * *
The starspawn tentacle grabs you. The starspawn tentacle constricts you.
The starspawn tentacle's grasp on you weakens, but your attempt to escape fails.
The ufetubus hits you but does no damage.
The ufetubus misses you. The ufetubus closely misses you.
The ufetubus barely misses you.
The wretched star pulses with an eldritch light!
You lose the ability to read scrolls when threatened.
The starspawn tentacle loses its grip on you.
The tentacle pulls you backwards!
The starcursed mass shrieks in your mind.
* * * LOW HITPOINT WARNING * * *
The starspawn tentacle completely misses you.
Okay, then.
It was a potion of degeneration.
There was something very wrong with that liquid.
You feel weakened.
You feel dopey.
You feel clumsy. The starspawn tentacle grabs you.
The starspawn tentacle constricts you.
The wretched star pulses with an eldritch light!
You feel yourself wasting away.
You feel your body start to fall apart.
The starcursed mass shrieks in your mind.
You die...
Your body crumbles into a pile of gold.

# .. ##...###. .###... # .
..#.. ..#.....#.. . . .§..
............... ..
§.3#.....#.....# > .> #x
##. .###*x.# . .# # .
####.#####.#####.#### . .
X.......X..Λ.......... .
...... ....X..│ww5.......
... .........X.@........
..##......##......##.....
..........................
.. ......................
.. .......................
. ....##......##......##.
...... ......... .....
......... ..


You could see a starcursed mass, a tentacled starspawn, a wretched star, a large
abomination (wandering), a small abomination, 2 starspawn tentacles and an
ufetubus.

Vanquished Creatures
  A two-headed ogre (D:6)
  An unseen horror (D:8)
  Sigmund (D:2)
  A wyvern (D:7)
  2 steam dragons (D:6)
  Edmund (D:4)
  A water moccasin (D:6)
  2 sky beasts
  2 orc warriors (D:7)
  3 ice beasts
  3 centaurs
  2 ogres
  2 kobold brigands
  5 bullfrogs
  A gnoll sergeant (D:6)
  A scorpion (D:7)
  2 centaur zombies
  3 hounds
  A jelly (D:6)
  2 centaur skeletons
  2 orc priests
  A bullfrog skeleton (D:6)
  2 gnoll shamans
  Jessica (D:2)
  7 orc wizards
  2 hound skeletons
  A howler monkey zombie (D:8)
  20 gnolls
  9 adders
  A shadow imp (D:7)
  2 white imps
  4 worms (D:2)
  8 dart slugs (D:4)
  27 orcs
  2 bats (D:1)
  11 endoplasms
  5 giant cockroaches
  9 goblins
  7 hobgoblins
  8 jackals (D:1)
  14 kobolds
  2 quokkas (D:1)
  7 ball pythons
  A frilled lizard (D:1)
  9 rats
199 creatures vanquished.

Vanquished Creatures (others)
  An orc warrior (D:8)
  An orc (D:8)
  490 foxfires
  3 starspawn tentacles (Abyss:1)
495 creatures vanquished.

Grand Total: 694 creatures vanquished

Notes
Turn   | Place    | Note
-------+----------+-------------------------------------------
     0 | D:1      | night the Djinni Fire Elementalist began the quest for the
                  | Orb.
     0 | D:1      | Reached XP level 1. HP: 15/15 MP: 0/0
    96 | D:1      | Reached XP level 2. HP: 13/22 MP: 0/0
   101 | D:1      | Reached skill level 1 in Fighting
   528 | D:1      | Reached XP level 3. HP: 25/27 MP: 0/0
   528 | D:1      | Learned a level 1 spell: Summon Small Mammal
   694 | D:1      | Reached skill level 1 in Armour
  1435 | D:2      | Noticed Sigmund
  1445 | D:2      | Killed Sigmund
  1446 | D:2      | Reached skill level 3 in Fighting
  1446 | D:2      | Reached skill level 2 in Armour
  1446 | D:2      | Reached XP level 4. HP: 25/35 MP: 0/0
  1446 | D:2      | Reached XP level 5. HP: 29/40 MP: 0/0
  1446 | D:2      | Learned a level 2 spell: Searing Ray
  1446 | D:2      | Reached XP level 6. HP: 33/46 MP: 0/0
  1828 | D:2      | Noticed Jessica
  1832 | D:2      | Killed Jessica
  2072 | D:2      | Identified a scroll of acquirement
  2072 | D:2      | Acquired the amulet of Odoraila {Regen+ Dex+3}
  2644 | D:3      | Found a white marble altar of Elyvilon.
  2881 | D:3      | Reached skill level 4 in Fighting
  2883 | D:3      | Reached XP level 7. HP: 52/52 MP: 0/0
  2883 | D:3      | Learned a level 2 spell: Static Discharge
  2908 | D:3      | Found a hide-covered altar of Uskayaw.
  3288 | D:4      | Noticed Edmund
  3309 | D:4      | Killed Edmund
  3322 | D:4      | Found a bloodstained altar of Trog.
  3479 | D:4      | Noticed a water elemental
  3481 | D:4      | Found a stormy altar of Qazlal.
  3482 | D:4      | Noticed a fire elemental
  3482 | D:4      | Noticed an air elemental
  3520 | D:4      | Found an iron altar of Okawaru.
  3635 | D:4      | You are sucked into a shaft and drop 2 floors!
  3659 | D:6      | Noticed a two-headed ogre
  3681 | D:6      | Noticed a steam dragon
  3753 | D:6      | Killed a two-headed ogre
  3754 | D:6      | Reached skill level 6 in Fighting
  3754 | D:6      | Reached skill level 5 in Dodging
  3754 | D:6      | Reached XP level 8. HP: 51/61 MP: 0/0
  3862 | D:6      | Reached XP level 9. HP: 61/67 MP: 0/0
  3862 | D:6      | Learned a level 3 spell: Spider Form
  3958 | D:5      | Entered Level 5 of the Dungeon
  3989 | D:4      | Reached skill level 7 in Fighting
  4029 | D:4      | Found a staircase to the Ecumenical Temple.
  4038 | Temple   | Entered the Ecumenical Temple
  4157 | Temple   | Became a worshipper of Gozag Ym Sagoz the Greedy
  4679 | D:5      | Reached skill level 5 in Armour
  4954 | D:5      | Identified the +3 hunting sling of Dried Tears {freeze, rN+
                  | MP+9 Dex+4 SInv}
  5444 | D:6      | Reached skill level 5 in Spellcasting
  5457 | D:6      | Reached skill level 8 in Fighting
  5457 | D:6      | Reached skill level 1 in Maces & Flails
  5746 | D:6      | Reached XP level 10. HP: 76/76 MP: 0/0
  5982 | D:7      | Found Taenesow's Assorted Antiques.
  6154 | D:7      | Reached skill level 2 in Maces & Flails
  6757 | D:8      | Killed an unseen horror
  6758 | D:8      | Reached skill level 9 in Fighting
  7021 | D:8      | Noticed Psyche
  7042 | D:8      | Cast into level 1 of the Abyss (Psyche)
  7042 | Abyss:1  | Found a sacrificial altar of Ru.
  7062 | Abyss:1  | Found a corrupted altar of Lugonu.
  7091 | Abyss:1  | Noticed a starcursed mass
  7112 | Abyss:1  | HP: 9/78 [starcursed mass/accursed screaming (12)]
  7114 | Abyss:1  | Noticed a spatial maelstrom
  7120 | Abyss:1  | Found a sacrificial altar of Ru.
  7125 | Abyss:1  | HP: 5/78 [small abomination (14)]
  7132 | Abyss:1  | Noticed a worldbinder
  7147 | Abyss:1  | Noticed a smoke demon
  7169 | Abyss:1  | Noticed a tentacled starspawn
  7171 | Abyss:1  | HP: 5/78 [smoke demon/divine providence (12)]
  7176 | Abyss:1  | HP: 3/78 [starcursed mass/accursed screaming (8)]
  7192 | Abyss:1  | HP: 10/78 [starcursed mass/accursed screaming (8)]
  7195 | Abyss:1  | Noticed a wretched star
  7197 | Abyss:1  | HP: 8/78 [starcursed mass/accursed screaming (8)]
  7198 | Abyss:1  | HP: 3/78 [starcursed mass/accursed screaming (6)]
  7199 | Abyss:1  | Killed from afar by a starcursed mass

Illustrated notes

Levels and vault maps discovered:
D:1:      dpeg_chamrin_arrival_tetris, layout_rooms,
          chequers_serial_rivers_micro_a, st_stairs_6
D:2:      layout_loops_corners, serial_rivers, chequers_serial_rivers_micro_c,
          chequers_serial_rivers_small_b, chequers_serial_rivers_small_3,
          chequers_serial_rivers_marsh, uniq_sigmund, uniq_jessica
D:3:      layout_basic, mainiacjoe_overflow_small_starburst,
          mainiacjoe_overflow_alcove_2
D:4:      kennysheep_slugbush, layout_basic, okawaru_ov_weapons_minmay,
          mainiacjoe_overflow_tiny_flanked, nicolae_qazlal_style_of_elements,
          minmay_temple_entry_statues_pillars, kennysheep_doodads, uniq_edmund
D:5:      minmay_evil_eye, layout_basic, grunt_ministairs_7
D:6:      layout_basic
D:7:      layout_basic, serial_shops, shop
D:8:      layout_loops_ring, uniq_psyche
Temple:   regret_index_temple_waves
Abyss:1:  base:
D:6

Skill      XL: |  1  2  3  4  5  6  7  8  9 10 |
---------------+-------------------------------+-----
Fighting       | 1 3 4 6 8 9 |  9.2
Armour         | 2 4 5 |  5.2
Dodging        | 3 5 6 7 |  7.3
Spellcasting   | 3 4 5 6 |  6.1
Maces & Flails | 1 2 |  2.6
Stealth        | |  1.5

Action                   |  1- 3 |  4- 6 |  7- 9 | 10-12 || total
-------------------------+-------+-------+-------+-------++-------
Melee: Dagger            |       |       |    50 |    52 ||   102
Throw: Dart              |       |       |     6 |       ||     6
 Cast: Foxfire           |    56 |    73 |   134 |    17 ||   280
       Scorch            |     4 |    14 |    40 |    32 ||    90
       Summon Small Mamm |     1 |       |     2 |       ||     3
       Conjure Flame     |       |       |     4 |     6 ||    10
       Static Discharge  |       |       |     1 |       ||     1
       Flame Wave        |       |       |    10 |    14 ||    24
Invok: Potion Petition   |       |       |       |     2 ||     2
  Use: Scroll            |     2 |     5 |     5 |     3 ||    15
       Potion            |       |       |       |     6 ||     6
 Stab: Sleeping          |       |       |     2 |       ||     2
Armor: Robe              |     1 |     1 |     5 |       ||     7
       Steam dragon scal |       |       |    56 |    56 ||   112
Dodge: Dodged            |     5 |     7 |    92 |   126 ||   230

Table legend: (Time is in decaauts)
 A = Elapsed time spent in this place.
 B = Non-inter-level travel time spent in this place.
 C = Inter-level travel time spent in this place.
 D = Time resting spent in this place.
 E = Time spent auto-exploring this place.
 F = Levels seen in this place.
 G = Mean time per level.
                   A        B        C        D        E       F      G
               +--------+--------+--------+--------+--------+-----+--------+
         Total |   7177 |   6910 |    267 |    447 |   4859 |  10 |  717.7 |
       Dungeon |   6899 |   6665 |    234 |    434 |   4764 |   8 |  862.4 |
        Temple |    140 |    107 |     33 |      0 |     95 |   1 |  140.0 |
         Abyss |    137 |    137 |      0 |     13 |      0 |   1 |  137.0 |
               +--------+--------+--------+--------+--------+-----+--------+

Top non-repeatable levels by time:
     D:1: 1359 daAuts
     D:2: 1283 daAuts
     D:4: 1005 daAuts
     D:5: 818 daAuts
     D:7: 801 daAuts
     D:6: 764 daAuts
     D:3: 493 daAuts
     D:8: 372 daAuts
  Temple: 140 daAuts
 Abyss:1: 137 daAuts
